Map: Terrasses de Prion

Players

pupu

  • Race: Protoss Protoss
  • League: Silver

Nakaya - Winner!

  • Race: Protoss Protoss

VOD

Have the link to the VOD?

Description

Time

  • Played on: April 5, 2016, 11:53 a.m.
  • Length: 2:34
Show
View Real Time Build Order
Export as new Build Order

pupu Protoss 

Build Orders: Nexus First 

Get SALT Encoding   

  12  0:01  Probe (Chrono Boost)  
  13  0:11  Probe (Chrono Boost)  
  14  0:19  Pylon  
  14  0:22  Probe (Chrono Boost)  
  15  0:37  Probe (Chrono Boost)  
  16  0:56  Nexus  
  16  1:06  Gateway  
  16  1:10  Probe (Chrono Boost)  
  17  1:20  Probe (Chrono Boost)  
  18  1:34  Probe (Chrono Boost)  
  18  1:36  Pylon  
  19  1:43  Assimilator  
  19  1:45  Probe (Chrono Boost)  
  20  1:47  Assimilator  
  20  1:56  Zealot (Chrono Boost)  
Show
View Real Time Build Order
Export as new Build Order

Nakaya Protoss - Winner!

Build Orders:  

Get SALT Encoding   

  12  0:10  Pylon  
  12  0:14  Probe (Chrono Boost)  
  13  0:29  Forge  
  13  0:41  Probe (Chrono Boost)  
  14  0:44  Pylon  
  14  0:52  Probe (Chrono Boost)  
  15  1:05  Photon Cannon  
  15  1:07  Probe (Chrono Boost)  
  16  1:17  Probe (Chrono Boost)  
  17  1:26  Pylon  
  17  1:44  Pylon  
  17  1:45  Photon Cannon  
  17  2:05  Photon Cannon  
  17  2:32  Photon Cannon  
Tags
 
Add a new tag
Caveats
  • Supply blocks, unpowered buildings, or Contaminate may cause inaccurate times.
  • Supply counts are checked every 10 seconds.